 Dungeon Crawl Stone Soup version 0.25.1-2-g60ff931df9 (webtiles) character file.

Game seed: 3891630042098068696

2151 pokeman the Thaumaturge (level 9, -1/50 HPs)
             Began as a Deep Elf Wizard on Oct 11, 2020.
             Killed from afar by an orc wizard (6 damage)
             ... with a magic dart
             ... on level 6 of the Dungeon.
             The game lasted 00:20:06 (8958 turns).

pokeman the Thaumaturge (Deep Elf Wizard)           Turns: 8958, Time: 00:20:07

Health: -1/50      AC:  6    Str:  4    XL:     9   Next: 10%
Magic:  12/25      EV: 11    Int: 27    God:
Gold:   295        SH:  0    Dex: 13    Spells: 17/28 levels left

rFire    + . .     SeeInvis .   n - +2 whip (drain)
rCold    x . .     Gourm    .   (no shield)
rNeg     . . .     Faith    .   h - +0 leather armour
rPois    .         Spirit   .   o - +0 helmet
rElec    .         Reflect  .   (no cloak)
rCorr    .         Harm     .   z - +1 pair of gloves
MR       .....                  (no boots)
Stlth    ++........             (no amulet)
HPRegen  0.16/turn              B - ring of fire
MPRegen  0.19/turn              (no ring)

@: no status effects
A: no striking features
a: no special abilities


You were on level 6 of the Dungeon.
You were hungry.

You visited 2 branches of the dungeon, and saw 7 of its levels.

You collected 295 gold pieces.

Inventory:

Hand Weapons
 n - a +2 whip of draining (weapon)
Missiles
 g - 8 bolts
Armour
 h - a +0 leather armour (worn)
 l - a +0 buckler
 o - a +0 helmet (worn)
 z - a +1 pair of gloves (worn)
Jewellery
 B - a ring of fire (left hand)
Wands
 b - a wand of polymorph (4)
 w - a wand of clouds (5)
 F - a wand of iceblast (9)
Scrolls
 c - a scroll of immolation {unknown}
 e - 4 scrolls of remove curse {unknown}
 j - 3 scrolls of identify {unknown}
 k - a scroll of enchant armour {unknown}
 p - 3 scrolls of teleportation {unknown}
 q - a scroll of blinking {unknown}
 r - 2 scrolls of enchant weapon {unknown}
 t - 2 scrolls of fear {unknown}
 y - a scroll of noise {unknown}
Potions
 a - 3 potions of lignification {unknown}
 f - 5 potions of degeneration {unknown}
 i - 5 potions of curing {unknown}
 m - 2 potions of flight {unknown}
 s - 2 potions of haste {unknown}
 u - a potion of berserk rage {unknown}
 v - 2 potions of heal wounds {unknown}
 x - a potion of stabbing {unknown}
 A - a potion of magic {unknown}
 C - a potion of might {unknown}
 D - a potion of invisibility {unknown}
 E - a potion of brilliance {unknown}
Comestibles
 d - 6 rations


   Skills:
 - Level 3.0 Fighting
 - Level 3.0 Armour
 - Level 2.4 Dodging
 - Level 2.4 Stealth
 + Level 2.0 Shields
 * Level 10.4 Spellcasting
 * Level 6.7 Conjurations
 - Level 1.1 Summonings
 - Level 1.1 Translocations
 + Level 3.0 Fire Magic
 - Level 1.0 Air Magic
 - Level 1.0 Poison Magic
 - Level 1.0 Evocations


You had 17 spell levels left.
You knew the following spells:

 Your Spells              Type           Power        Failure   Level  Hunger
a - Magic Dart            Conj           ####         1%          1    None
b - Mephitic Cloud        Conj/Pois/Air  ####....     6%          3    None
c - Call Imp              Summ           ###.....     7%          2    None
d - Blink                 Tloc           N/A          7%          2    None
e - Conjure Flame         Conj/Fire      ######..     2%          3    None

Your spell library contained the following spells:

 Spells                   Type           Power        Failure   Level  Hunger
 Slow                     Hex            ##......     11%         2    None


Dungeon Overview and Level Annotations

Branches:
Dungeon (6/15)             Temple (1/1) D:5

Altars:
Cheibriados
Dithmenos
Elyvilon
Fedhas
Gozag
Hepliaklqana
Makhleb
Nemelex Xobeh
Okawaru
Ru
Sif Muna
Trog
Wu Jian
Xom
Yredelemnul
Zin


Message History

You closely miss the orc warrior.
The orc warrior is lightly wounded.
The orc warrior is engulfed in blazing flames.
The orc warrior closely misses you.
The orc priest calls down the wrath of Beogh upon you.
Beogh smites you!
* * * LOW HITPOINT WARNING * * *
Unknown command.
Unknown command.
Casting: Mephitic Cloud (dangerous; 6% risk of failure)
Confirm with . or Enter, or press ? or * to list all spells.
You blink.
The orc warrior is engulfed in blazing flames.
The orc warrior hits your iron imp with a +0 dire flail!
Your iron imp dies!
The orc priest hits you but does no damage.
You hear some strange, mumbled words.
A magic dart appears from out of thin air!
The magic dart hits you.
You die...

### # #.# ### ## ## ## #.#
#.# ##. .# #.# ###.##
##.###.# ## #.######o...##
#....... # ##.§o°..{@...##
#....... #
##..#######....#####...#...
# ##..## ##.........###...
# #..## ##.........##... ##
##...# ##.....#.....o. .#
##...## #....#####.....
.###....#### #.....# ##....
.......#>..########.#.#.#
##...
........................#
##..


You could see an orc warrior and an orc priest.

Vanquished Creatures
  Pikel (D:3)
  3 ice beasts
  3 ogres
  A phantom (D:6)
  A centaur (D:3)
  2 bullfrogs
  2 scorpions
  2 electric eels (D:6)
  A howler monkey (D:6)
  2 crimson imps (D:5)
  3 orc wizards
  A bullfrog skeleton (D:4)
  A centaur skeleton (D:6)
  A hound (D:5)
  2 iguanas (D:5)
  4 worker ants
  Natasha (thrice) (D:2)
  A killer bee zombie (D:5)
  Robin (D:2)
  2 hound skeletons
  A worker ant zombie (D:5)
  An adder (D:4)
  2 gnolls (D:4)
  A shadow imp (D:6)
  4 oozes
  2 adder zombies (D:5)
  2 adder skeletons (D:4)
  2 worms
  4 dart slugs (D:6)
  2 leopard geckos
  17 orcs
  7 bats
  6 giant cockroaches
  12 goblins
  10 hobgoblins
  7 jackals
  9 kobolds
  3 quokkas
  A ball python (D:1)
  6 frilled lizards
  A leopard gecko skeleton (D:4)
  A quokka skeleton (D:2)
  10 rats
148 creatures vanquished.

Vanquished Creatures (others)
  An iguana (D:4)
  3 orc wizards (D:4)
  2 gnolls (D:4)
  5 orcs (D:4)
11 creatures vanquished.

Grand Total: 159 creatures vanquished

Notes
Turn   | Place    | Note
-------+----------+-------------------------------------------
     0 | D:1      | pokeman the Deep Elf Wizard began the quest for the Orb.
     0 | D:1      | Reached XP level 1. HP: 10/10 MP: 7/7
   351 | D:1      | Reached XP level 2. HP: 16/16 MP: 6/9
  1121 | D:2      | Reached skill level 5 in Spellcasting
  1469 | D:2      | Reached XP level 3. HP: 12/20 MP: 5/11
  1477 | D:2      | Learned a level 3 spell: Mephitic Cloud
  1480 | D:2      | Learned a level 2 spell: Call Imp
  1483 | D:2      | Learned a level 2 spell: Blink
  1487 | D:2      | Learned a level 3 spell: Conjure Flame
  1774 | D:2      | Noticed Robin
  2216 | D:2      | Reached skill level 1 in Armour
  2223 | D:2      | Reached skill level 1 in Fighting
  2645 | D:2      | Noticed Natasha
  2654 | D:2      | Killed Natasha
  2654 | D:2      | Reached XP level 4. HP: 21/25 MP: 6/13
  2786 | D:2      | Killed Robin
  3175 | D:2      | Noticed Natasha
  3185 | D:2      | Killed Natasha
  3185 | D:2      | Reached skill level 6 in Spellcasting
  3473 | D:2      | Noticed Natasha
  3496 | D:2      | Killed Natasha
  3496 | D:2      | Reached XP level 5. HP: 29/29 MP: 12/15
  3970 | D:3      | Noticed a centaur
  3989 | D:3      | Killed a centaur
  4544 | D:3      | Found an ornate altar of the Wu Jian Council.
  4586 | D:3      | Found a sparkling altar of Nemelex Xobeh.
  4587 | D:3      | Found an opulent altar of Gozag.
  4589 | D:3      | Reached XP level 6. HP: 35/35 MP: 14/17
  4655 | D:4      | Reached skill level 7 in Spellcasting
  4980 | D:4      | Noticed Pikel
  5068 | D:4      | Noticed a slave
  5068 | D:4      | Noticed a slave
  5068 | D:4      | Noticed a slave
  5068 | D:4      | Noticed a slave
  5118 | D:3      | Killed Pikel
  5118 | D:3      | Reached skill level 1 in Shields
  5118 | D:3      | Reached skill level 8 in Spellcasting
  5118 | D:3      | Reached XP level 7. HP: 25/40 MP: 3/20
  6006 | D:4      | Found a bloodstained altar of Trog.
  6007 | D:4      | Found an iron altar of Okawaru.
  6327 | D:5      | Entered Level 5 of the Dungeon
  6336 | D:5      | Reached XP level 8. HP: 39/46 MP: 13/22
  6426 | D:5      | Reached skill level 1 in Fire Magic
  6533 | D:5      | Reached skill level 1 in Evocations
  6666 | D:5      | Reached skill level 9 in Spellcasting
  6749 | D:5      | Found a staircase to the Ecumenical Temple.
  6755 | Temple   | Entered the Ecumenical Temple
  6911 | D:5      | Reached skill level 5 in Conjurations
  6943 | D:5      | Found an iron altar of Okawaru.
  7083 | D:5      | Reached skill level 1 in Air Magic
  7083 | D:5      | Reached skill level 1 in Poison Magic
  8060 | D:6      | Found a glowing silver altar of Zin.
  8094 | D:6      | Reached skill level 10 in Spellcasting
  8616 | D:6      | Reached XP level 9. HP: 48/50 MP: 19/25
  8958 | D:6      | Killed from afar by an orc wizard

Illustrated notes

Levels and vault maps discovered:
D:1:      shiori_arrival_elements, layout_loops_ring
D:2:      layout_loops_ring, chequers_decorated_corner, uniq_natasha, uniq_robin
D:3:      layout_rooms, grunt_temple_overflow_opulence,
          nicolae_overflow_hidden_temple, first_ration,
          chequers_serial_rivers_micro_e
D:4:      layout_cave_pools, grunt_temple_overflow_bloody_war, uniq_pikel
D:5:      minmay_razor_zed, layout_loops_ring, minmay_temple_entry_wispy,
          okawaru_ov_weapons_minmay
D:6:      kennysheep_slugbush, layout_layer_cave, lemuel_doored_altar,
          overflow_temple_1_default, minmay_misc_feat_nine_boxes
Temple:   compressed_dpeg_circular_temple

Skill      XL: |  1  2  3  4  5  6  7  8  9 |
---------------+----------------------------+-----
Spellcasting   | 5 6 8 10 | 10.4
Armour         | 1 2 3 |  3.0
Fighting       | 1 2 3 |  3.0
Conjurations   | 2 4 6 |  6.7
Shields        | 1 2 |  2.0
Fire Magic     | 2 3 |  3.0
Evocations     | 1 |  1.0
Air Magic      | 1 |  1.0
Poison Magic   | 1 |  1.0
Dodging        | |  2.4
Stealth        | |  2.4
Summonings     | |  1.1
Translocations | |  1.1

Action                   |  1- 3 |  4- 6 |  7- 9 || total
-------------------------+-------+-------+-------++-------
Melee: Unarmed           |    20 |       |       ||    20
       Whip              |     6 |    33 |    51 ||    90
 Cast: Magic Dart        |   106 |    75 |   212 ||   393
       Mephitic Cloud    |     2 |     7 |    11 ||    20
       Conjure Flame     |       |     3 |    10 ||    13
       Blink             |       |     3 |     2 ||     5
       Call Imp          |       |     1 |     3 ||     4
 Stab: Confused          |     1 |     4 |     3 ||     8
       Sleeping          |       |       |     1 ||     1
  Eat: Chunk             |     5 |     7 |    12 ||    24
Armor: Leather armour    |    18 |    12 |    33 ||    63
       Skin              |       |     5 |       ||     5
Dodge: Dodged            |    62 |    37 |    81 ||   180
